[Event "ICC Open 2015"]
[Site "Internet Chess Club"]
[Date "2015.05.29"]
[Round "8"]
[White "jewels2"]
[Black "Alekhinne"]
[Result "0-1"]
[ICCResult "White resigns"]
[WhiteElo "1337"]
[BlackElo "1731"]
[Opening "King's Indian defense, 3.Nc3"]
[ECO "E61"]
[NIC "KI.80"]
[Time "20:52:16"]
[TimeControl "180+0"]

1. d4 Nf6 2. c4 g6 3. Nc3 Bg7 4. g3 O-O 5. Bg2 c6 6. e4 d5 7. e5 Ng4 8. cxd5
cxd5 9. Bxd5 Nc6 10. h3 Nh6 11. Be3 Nf5 12. Qb3 Ncxd4 13. Bxd4 Nxd4 14. Qc4
Nc2+ 15. Kd2 Nxa1 16. Nf3 e6 17. Rxa1 exd5 18. Nxd5 Be6 19. Kc3 Rc8 20. Nf6+
Bxf6 21. exf6 Qxf6+ 22. Nd4 Rxc4+ 23. Kd3 Rxd4+ {White resigns} 0-1

[Event "ICC Open 2015"]
[Site "Internet Chess Club"]
[Date "2015.05.29"]
[Round "8"]
[White "ibarra"]
[Black "noyb"]
[Result "1-0"]
[ICCResult "Black checkmated"]
[WhiteElo "2763"]
[BlackElo "1756"]
[Opening "Caro-Kann: two knights variation"]
[ECO "B11"]
[NIC "CK.01"]
[Time "20:51:56"]
[TimeControl "180+0"]

1. e4 c6 2. Nc3 d5 3. Nf3 Nf6 4. e5 Ne4 5. d4 Bf5 6. Nh4 Nxc3 7. bxc3 Qd7 8.
Nxf5 Qxf5 9. Rb1 Qc8 10. c4 e6 11. Bd3 Nd7 12. cxd5 cxd5 13. O-O Be7 14. Qg4
g6 15. Bh6 Bf8 16. Bg5 Be7 17. Bxe7 Kxe7 18. Qh4+ Kf8 19. Qh6+ Kg8 20. f4 b6
21. f5 exf5 22. Bxf5 gxf5 23. Rxf5 Nf8 24. Rbf1 Qd7 25. h4 Ng6 26. h5 Rf8
27. Rf6 Qg4 28. c3 Nh4 29. R1f2 Qd1+ 30. Kh2 Qg4 31. R6f4 Qg7 32. Qxg7+ Kxg7
33. Rxh4 Rc8 34. h6+ Kf8 35. e6 Rc7 36. Rhf4 Rxc3 37. Rxf7+ Ke8 38. Rxa7 Rc8
39. Rff7 Rg8 40. Rxh7 b5 41. Rhe7+ Kd8 42. Rad7# {Black checkmated} 1-0

[Event "ICC Open 2015"]
[Site "Internet Chess Club"]
[Date "2015.05.29"]
[Round "8"]
[White "HematiteBrown"]
[Black "ErnestoRondon"]
[Result "1-0"]
[ICCResult "Black resigns"]
[WhiteElo "2177"]
[BlackElo "1859"]
[Opening "Sicilian: O'Kelly variation"]
[ECO "B28"]
[NIC "SI.43"]
[Time "20:51:31"]
[TimeControl "180+0"]

1. e4 c5 2. Nf3 a6 3. c3 e6 4. d4 cxd4 5. cxd4 d5 6. Nc3 dxe4 7. Nxe4 Nd7 8.
Bd3 Ngf6 9. Ng3 Be7 10. O-O O-O 11. Bd2 b5 12. Rc1 Bb7 13. Bb1 Rc8 14. Rxc8
Bxc8 15. Qc2 Bb7 16. Ne5 Nb6 17. Nc6 Qd7 18. Nxe7+ Qxe7 19. Re1 Qd7 20. Nh5
Rc8 21. Nxf6+ gxf6 22. Qxh7+ Kf8 23. Qh8+ Ke7 24. Bb4+ Qd6 25. Bxd6+ Kxd6
26. Qxf6 Rc7 27. h3 Nd5 28. Qe5+ Ke7 29. Be4 f6 30. Qh5 Rd7 31. Bf5 Nc7 32.
Be4 Bxe4 33. Rxe4 Nd5 34. Qf5 Rd6 35. Qh7+ Kd8 36. Qg8+ Kd7 37. Qf7+ Ne7 38.
Qxf6 Nd5 39. Qf7+ Ne7 40. h4 {Black resigns} 1-0

[Event "ICC Open 2015"]
[Site "Internet Chess Club"]
[Date "2015.05.29"]
[Round "8"]
[White "outubro2"]
[Black "BigChesstes"]
[Result "0-1"]
[ICCResult "White resigns"]
[WhiteElo "1432"]
[BlackElo "1804"]
[Opening "English opening"]
[ECO "A21"]
[NIC "EO.22"]
[Time "20:52:27"]
[TimeControl "180+0"]

1. c4 e5 2. Nc3 d6 3. g3 Be6 4. b3 c6 5. Bg2 Nd7 6. d4 f5 7. d5 cxd5 8. Bxd5
Bxd5 9. Nxd5 Ndf6 10. Nf3 Be7 11. O-O Nxd5 12. Qxd5 Qd7 13. Rd1 Nf6 14. Qd2
O-O 15. Nxe5 Qe6 16. Nf3 Ne4 17. Qd5 Qxd5 18. Rxd5 Bf6 19. Rb1 Nc3 20. Bb2
Nxb1 21. Bxf6 Rxf6 22. a4 Nc3 {White resigns} 0-1

[Event "ICC Open 2015"]
[Site "Internet Chess Club"]
[Date "2015.05.29"]
[Round "8"]
[White "maly"]
[Black "kingmate"]
[Result "0-1"]
[ICCResult "White resigns"]
[WhiteElo "2590"]
[BlackElo "2449"]
[Opening "Queen's Indian: old main line, 7.Nc3"]
[ECO "E18"]
[NIC "QI.09"]
[Time "20:51:33"]
[TimeControl "180+0"]

1. d4 e6 2. c4 Nf6 3. Nf3 b6 4. g3 Bb7 5. Bg2 Be7 6. Nc3 O-O 7. O-O d5 8.
cxd5 exd5 9. Bf4 Na6 10. Rc1 c5 11. Ne5 Re8 12. Qa4 Qc8 13. dxc5 Nxc5 14.
Qc2 d4 15. Bxb7 Qxb7 16. Nb5 Rad8 17. Rfd1 Nfe4 18. Nxd4 Bf6 19. Nec6 Rc8
20. b4 Bxd4 21. Nxd4 Nxf2 22. Nf3 Nh3+ 23. Kg2 Nxf4+ 24. gxf4 Ne6 25. Qf5
Rxc1 26. Rxc1 g6 27. Qe5 f6 28. Qxf6 Qe4 29. Kg3 Ng7 30. Qd4 Nf5+ 31. Kg4
Nxd4 32. Nxd4 Qxd4 33. Kf3 Qe4+ 34. Kg4 Qxe2+ {White resigns} 0-1

[Event "ICC Open 2015"]
[Site "Internet Chess Club"]
[Date "2015.05.29"]
[Round "8"]
[White "munch"]
[Black "Irenaeus"]
[Result "0-1"]
[ICCResult "White resigns"]
[WhiteElo "1444"]
[BlackElo "1852"]
[Opening "Ruy Lopez: fianchetto (Smyslov/Barnes) defense"]
[ECO "C60"]
[NIC "RL.03"]
[Time "20:52:54"]
[TimeControl "180+0"]

1. e4 e5 2. Nf3 Nc6 3. Bb5 g6 4. O-O Bg7 5. Nc3 Nge7 6. Nd5 O-O 7. Nxe7+
Qxe7 8. Bxc6 dxc6 9. d4 exd4 10. Bg5 Qxe4 11. Re1 Qd5 12. Qd2 Bg4 13. Qf4
Bxf3 14. Qxf3 Qxg5 15. Re4 Rfe8 16. Rae1 Rxe4 17. Qxe4 Qd5 18. Qe7 Qd6 19.
g3 Qxe7 20. Rxe7 Rc8 21. Kf1 Bf6 22. Rd7 Kf8 23. g4 Ke8 24. g5 Kxd7 25. gxf6
Ke6 {White resigns} 0-1

[Event "ICC Open 2015"]
[Site "Internet Chess Club"]
[Date "2015.05.29"]
[Round "8"]
[White "yaguaro"]
[Black "seriosha"]
[Result "0-1"]
[ICCResult "White resigns"]
[WhiteElo "2074"]
[BlackElo "2160"]
[Opening "Sicilian defense"]
[ECO "B44"]
[NIC "SI.39"]
[Time "20:51:43"]
[TimeControl "180+0"]

1. e4 c5 2. Nf3 e6 3. d4 cxd4 4. Nxd4 Nc6 5. Nxc6 bxc6 6. c4 Nf6 7. Bd3 d5
8. exd5 cxd5 9. O-O dxc4 10. Bxc4 Bd6 11. Bb5+ Bd7 12. Qxd6 Bxb5 13. Rd1
Qxd6 14. Rxd6 Ke7 15. Rd1 Rhd8 16. Rxd8 Rxd8 17. Nc3 Ne4 18. Be3 Nxc3 19.
bxc3 a6 20. a4 Be8 21. a5 Bb5 22. h3 f6 23. Rc1 e5 24. c4 Ba4 25. c5 Rd1+
26. Rxd1 Bxd1 27. Kf1 Kd7 28. Ke1 Bb3 29. Kd2 Kc6 30. Kc3 Bd5 31. f3 Kb5 32.
Kd3 Kxa5 33. Bc1 Kb4 34. f4 exf4 35. Kd4 Bxg2 36. h4 g5 37. Bd2+ Kb5 38. Bc3
gxh4 39. Be1 h3 {White resigns} 0-1

[Event "ICC Open 2015"]
[Site "Internet Chess Club"]
[Date "2015.05.29"]
[Round "8"]
[White "cap78red"]
[Black "Mormegil"]
[Result "1-0"]
[ICCResult "Black resigns"]
[WhiteElo "1387"]
[BlackElo "1637"]
[Opening "English: three knights system"]
[ECO "A27"]
[NIC "EO.19"]
[Time "20:52:14"]
[TimeControl "180+0"]

1. c4 e5 2. Nc3 Nc6 3. Nf3 g6 4. g3 Bg7 5. Bg2 d6 6. e4 Nge7 7. d3 O-O 8.
O-O Bg4 9. h3 Bxf3 10. Bxf3 Nd4 11. Bg2 f5 12. Ne2 Nec6 13. Nxd4 Nxd4 14.
Be3 c5 15. f4 exf4 16. gxf4 Qh4 17. Bf2 Qh6 18. Kh2 Qxf4+ 19. Bg3 Qg5 20.
Bxd6 Rfc8 21. e5 f4 22. Qg4 Qxg4 23. hxg4 g5 24. Bxb7 Kf7 25. Bxa8 Rxa8 26.
Bxc5 Ne6 27. d4 Nxc5 28. dxc5 Bxe5 29. Rad1 Bxb2 30. Rd7+ Kg6 31. Rb1 Bd4
32. c6 Rc8 33. Rxd4 Rxc6 34. Rbd1 {Black resigns} 1-0

[Event "ICC Open 2015"]
[Site "Internet Chess Club"]
[Date "2015.05.29"]
[Round "8"]
[White "MaestroASK"]
[Black "Nos"]
[Result "0-1"]
[ICCResult "White forfeits on time"]
[WhiteElo "2590"]
[BlackElo "2373"]
[Opening "Benko's opening"]
[ECO "A00"]
[NIC "VO.09"]
[Time "20:51:59"]
[TimeControl "180+0"]

1. g3 d5 2. d3 Nc6 3. e4 dxe4 4. dxe4 Qxd1+ 5. Kxd1 b6 6. Nd2 Bb7 7. Bg2 e6
8. Nh3 Nge7 9. Re1 h6 10. f3 O-O-O 11. Nf2 h5 12. h4 Ng6 13. f4 f6 14. c3
Bc5 15. Ke2 Ba6+ 16. Kf3 Nce5+ 17. fxe5 Nxe5+ 18. Kf4 Bxf2 19. Rh1 Be2
{White forfeits on time}
0-1

[Event "ICC Open 2015"]
[Site "Internet Chess Club"]
[Date "2015.05.29"]
[Round "8"]
[White "HaraldEskilstu"]
[Black "playwaycool"]
[Result "0-1"]
[ICCResult "White resigns"]
[WhiteElo "2023"]
[BlackElo "2341"]
[Opening "Vienna: Paulsen variation"]
[ECO "C25"]
[NIC "VG.04"]
[Time "20:52:05"]
[TimeControl "180+0"]

1. e4 e5 2. Nc3 Nc6 3. g3 g6 4. Bg2 Bg7 5. d3 Nge7 6. f4 d6 7. Nf3 Bg4 8. h3
Bxf3 9. Bxf3 Nd4 10. O-O O-O 11. Be3 f5 12. Bxd4 exd4 13. Nd5 Nxd5 14. exd5
Re8 15. Re1 Qf6 16. Qd2 Kf8 17. Kg2 h5 18. h4 Rxe1 19. Rxe1 Re8 20. Rxe8+
Kxe8 21. Qa5 b6 22. Qxa7 Qe7 23. Qa8+ Kf7 24. Qc8 Bf6 25. b4 b5 26. Qb7 Qd7
27. Qc6 Qxc6 28. dxc6 Ke6 29. Kf2 d5 30. Ke2 Kd6 31. Kd2 Kxc6 32. Kc1 Be7
33. a3 Kd6 34. Kb2 c5 35. bxc5+ Kxc5 36. Kb3 Bd6 37. a4 bxa4+ 38. Kxa4 Bc7
39. Kb3 Ba5 {White resigns} 0-1

[Event "ICC Open 2015"]
[Site "Internet Chess Club"]
[Date "2015.05.29"]
[Round "8"]
[White "Ernie1"]
[Black "jakemate"]
[Result "0-1"]
[ICCResult "White resigns"]
[WhiteElo "1337"]
[BlackElo "1788"]
[Opening "Trompowsky attack (Ruth, Opocenský opening)"]
[ECO "A45"]
[NIC "QP.07"]
[Time "20:51:52"]
[TimeControl "180+0"]

1. d4 Nf6 2. Bg5 g6 3. Bxf6 exf6 4. e3 f5 5. Nf3 Bg7 6. c4 O-O 7. Nc3 c6 8.
Bd3 d5 9. c5 Nd7 10. b4 Nf6 11. h3 Ne4 12. Bxe4 fxe4 13. Nh4 Qxh4 14. g3 Qf6
15. Qe2 a5 16. b5 Bd7 17. a3 Qe7 18. b6 f5 19. h4 h6 20. Kd2 g5 21. hxg5
hxg5 22. Rh5 Be8 23. Rh2 Bg6 24. Rah1 Kf7 25. f3 Rae8 26. f4 Rh8 27. Nd1
Rxh2 28. Rxh2 Rh8 29. Qg2 Qf8 30. Nf2 g4 31. Nd1 Rh6 32. Kc1 Qh8 33. Rxh6
Qxh6 34. Qd2 Qh3 35. Qc3 Qxg3 {White resigns} 0-1

[Event "ICC Open 2015"]
[Site "Internet Chess Club"]
[Date "2015.05.29"]
[Round "8"]
[White "nurmi"]
[Black "PJJVenegas"]
[Result "0-1"]
[ICCResult "White checkmated"]
[WhiteElo "2230"]
[BlackElo "2181"]
[Opening "QGD: Tarrasch, Prague variation, 9.Bg5"]
[ECO "A14"]
[NIC "TD.03"]
[Time "20:51:50"]
[TimeControl "180+0"]

1. c4 Nf6 2. g3 e6 3. Bg2 d5 4. Nf3 Be7 5. O-O c5 6. cxd5 exd5 7. d4 O-O 8.
Nc3 Nc6 9. Bg5 c4 10. Ne5 Be6 11. b3 cxb3 12. Qxb3 Nxd4 13. Qxb7 Rc8 14. e3
Nc2 15. Rac1 Rxc3 16. Nc6 Rxc6 17. Qxc6 Nb4 18. Qa4 Ne4 19. Bxe7 Qxe7 20.
Rfd1 Rb8 21. a3 Qf6 22. axb4 Qxf2+ 23. Kh1 Qxe3 24. Bxe4 Qxe4+ 25. Kg1 Qe3+
26. Kh1 Bf5 27. h4 Be4+ 28. Kh2 Qf2+ 29. Kh3 Qg2+ 30. Kg4 h5+ 31. Kf4 Qf3+
32. Ke5 Qf6# {White checkmated} 0-1

[Event "ICC Open 2015"]
[Site "Internet Chess Club"]
[Date "2015.05.29"]
[Round "8"]
[White "Schack"]
[Black "cristoforo"]
[Result "1-0"]
[ICCResult "Black resigns"]
[WhiteElo "1635"]
[BlackElo "1441"]
[Opening "Benkö gambit"]
[ECO "A57"]
[NIC "BI.46"]
[Time "20:51:25"]
[TimeControl "180+0"]

1. d4 Nf6 2. c4 c5 3. d5 b5 4. Qc2 g6 5. e4 d6 6. Nc3 Bg7 7. cxb5 a6 8. bxa6
Bxa6 9. Bxa6 Nxa6 10. Nf3 O-O 11. O-O Nb4 12. Qe2 Nd7 13. a3 Qb6 14. Bg5 f6
15. Be3 Na6 16. Qb5 Nc7 17. Qxb6 Nxb6 18. Nd2 Rfb8 19. Rfb1 Na4 20. Nxa4
Rxa4 21. f3 Kf7 22. b3 Ra6 23. Nc4 Nb5 24. Rc1 Rba8 25. a4 Nc7 26. Rab1 R6a7
27. b4 Na6 28. b5 Nb4 29. b6 Rb7 30. a5 Nd3 31. Rc2 f5 32. Rd2 fxe4 33. fxe4
Nb4 34. Bf4 Be5 35. Bxe5 dxe5 36. Nxe5+ Kf6 37. Nc6 e6 38. Nxb4 cxb4 39. d6
Rxa5 40. d7 Rxd7 41. Rxd7 Rb5 42. Rd4 Rxb6 43. Rdxb4 Rd6 44. Kf1 Rd4 45.
Rxd4 Ke5 46. Rbb4 {Black resigns} 1-0

[Event "ICC Open 2015"]
[Site "Internet Chess Club"]
[Date "2015.05.29"]
[Round "8"]
[White "Shadeath"]
[Black "olimpus"]
[Result "1-0"]
[ICCResult "Black resigns"]
[WhiteElo "2921"]
[BlackElo "2736"]
[Opening "Robatsch defense: two knights variation"]
[ECO "B06"]
[NIC "KF.05"]
[Time "20:52:14"]
[TimeControl "180+0"]

1. e4 g6 2. d4 Bg7 3. Nf3 d6 4. Nc3 a6 5. a4 Nd7 6. Bc4 e6 7. O-O Ne7 8. Re1
b6 9. h3 Bb7 10. Bf4 h6 11. Qd2 g5 12. Bh2 Ng6 13. Rad1 e5 14. Bd5 c6 15.
Ba2 Qe7 16. dxe5 dxe5 17. Qd6 Qxd6 18. Rxd6 Rd8 19. Red1 Rf8 20. Bxf7+ Rxf7
21. Rxg6 b5 22. Rgd6 Re7 23. Ne2 Bf8 24. Ng3 Rf7 25. R6d3 Rc8 26. Nf5 Nc5
27. Nd6+ Bxd6 28. Rxd6 Nxe4 29. Rxh6 Rd8 30. Rh8+ {Black resigns} 1-0

[Event "ICC Open 2015"]
[Site "Internet Chess Club"]
[Date "2015.05.29"]
[Round "8"]
[White "littleplotkin"]
[Black "Talion"]
[Result "0-1"]
[ICCResult "White checkmated"]
[WhiteElo "2366"]
[BlackElo "2865"]
[Opening "Robatsch defense"]
[ECO "B06"]
[NIC "KF.05"]
[Time "20:52:14"]
[TimeControl "180+0"]

1. e4 g6 2. d4 Bg7 3. Nc3 b6 4. f3 Bb7 5. Be3 d6 6. g4 e6 7. h4 h5 8. g5 Ne7
9. Bh3 Nd7 10. Qd2 a6 11. Nge2 b5 12. a4 b4 13. Nd1 c5 14. Nf2 Qc7 15. c3 a5
16. c4 cxd4 17. Bxd4 e5 18. Be3 Nc5 19. Nc1 O-O 20. b3 Rad8 21. Ncd3 Nc6 22.
Qc2 Ne6 23. Bxe6 fxe6 24. Rh3 Kh7 25. O-O-O Rf7 26. Nh1 Rdf8 27. Qg2 d5 28.
Nb2 Nd4 29. Bxd4 exd4 30. Kb1 dxe4 31. fxe4 Rf4 32. Re1 Rg4 33. Rg3 Rff4 34.
Rxg4 Rxg4 35. Qf3 d3 36. Qxd3 Qe5 37. Qd2 Rxe4 38. Nd3 Qa1+ 39. Kc2 Qa2+ 40.
Kc1 Qxb3 41. Rxe4 Bxe4 42. Nb2 Bxh1 43. Qc2 Qe3+ 44. Kb1 Be4 45. Qxe4 Qxe4+
46. Ka2 Qc2 47. c5 Qxb2# {White checkmated} 0-1

[Event "ICC Open 2015"]
[Site "Internet Chess Club"]
[Date "2015.05.29"]
[Round "8"]
[White "LooneyBinJim"]
[Black "jonesey"]
[Result "0-1"]
[ICCResult "White resigns"]
[WhiteElo "1701"]
[BlackElo "1924"]
[Opening "Giuoco Pianissimo: Italian four knights variation"]
[ECO "C50"]
[NIC "IG.02"]
[Time "20:51:58"]
[TimeControl "180+0"]

1. e4 e5 2. Nf3 Nc6 3. Bc4 Bc5 4. Nc3 Nf6 5. d3 d6 6. Be3 Bb6 7. O-O Bg4 8.
h3 Bh5 9. g4 Nxg4 10. hxg4 Bxg4 11. Kg2 Nd4 12. Bxd4 Bxd4 13. Rh1 c6 14. Ne2
Bb6 15. Ng3 Qf6 16. Nh5 Qg6 17. Ng3 Qf6 18. Nh5 Qg6 19. Ng3 O-O-O 20. Rh4 h5
21. Qh1 Qf6 22. Nf5 d5 23. exd5 Qxf5 24. Kg3 Qf4+ 25. Kg2 Bxf3+ 26. Kh3 Qf5+
27. Kg3 Bxh1 28. Raxh1 Qxf2+ 29. Kh3 g5 30. Re4 g4+ {White resigns} 0-1

[Event "ICC Open 2015"]
[Site "Internet Chess Club"]
[Date "2015.05.29"]
[Round "8"]
[White "MichaelBluth"]
[Black "youngjp"]
[Result "1-0"]
[ICCResult "Black resigns"]
[WhiteElo "2312"]
[BlackElo "1977"]
[Opening "Réti v Dutch"]
[ECO "A04"]
[NIC "QP.11"]
[Time "20:51:43"]
[TimeControl "180+0"]

1. Nf3 f5 2. d4 Nf6 3. Nc3 g6 4. Bg5 Bg7 5. Qd2 O-O 6. Bh6 d6 7. h4 Nbd7 8.
h5 Nxh5 9. Rxh5 gxh5 10. Qg5 Rf7 11. e4 Kh8 12. Bc4 Bxh6 13. Qxh6 Rg7 14.
Ng5 Qf8 15. Ne6 Qf6 16. Qxg7+ Qxg7 17. Nxg7 Kxg7 18. exf5 Nb6 19. Bd3 e6 20.
fxe6 Bxe6 21. O-O-O Rf8 22. f3 c6 23. Rh1 Bc4 24. Bxc4 Nxc4 25. Rxh5 Kg6 26.
Rh4 b5 27. b3 Ne3 28. Kd2 Nf5 29. Rg4+ Kf7 30. Ne4 d5 31. Ng5+ Ke7 32. Nxh7
Rh8 33. Ng5 Kf6 34. Nh3 Re8 35. c3 Ne3 36. Rf4+ Kg7 37. Ng5 Nxg2 38. Rg4 Ne3
39. Rg1 Kf6 40. Ne4+ dxe4 41. Kxe3 exf3+ 42. Kxf3 Kf5 43. Rg7 a5 44. Ra7 b4
45. cxb4 axb4 46. Rb7 Re1 47. Rxb4 Ra1 48. a4 Ra3 49. Ke3 Kg4 50. Ke4 Kg3
51. Ke5 Kf2 52. Kd6 Ke3 53. Kxc6 Ke4 54. d5+ Ke5 55. d6 {Black resigns} 1-0

[Event "ICC Open 2015"]
[Site "Internet Chess Club"]
[Date "2015.05.29"]
[Round "8"]
[White "dietcoke"]
[Black "kevinice"]
[Result "1-0"]
[ICCResult "Black resigns"]
[WhiteElo "2169"]
[BlackElo "1969"]
[Opening "Sicilian: Kan variation"]
[ECO "B41"]
[NIC "SI.41"]
[Time "20:52:01"]
[TimeControl "180+0"]

1. e4 c5 2. Nf3 e6 3. d4 cxd4 4. Nxd4 a6 5. g4 d5 6. Nc3 dxe4 7. Nxe4 e5 8.
Nf5 Qxd1+ 9. Kxd1 Nc6 10. Ned6+ Bxd6 11. Nxd6+ Ke7 12. Nxc8+ Rxc8 13. c3 Nf6
14. h3 Rhd8+ 15. Ke1 Nd5 16. Bg2 f6 17. Bd2 Na5 18. Rd1 Nc4 19. Bc1 Ke6 20.
Ke2 b5 21. Rd3 Ncb6 22. Rhd1 Rc4 23. Be3 Rd7 24. Bxb6 Nxb6 25. Rxd7 Nxd7 26.
Bd5+ Ke7 27. Bxc4 bxc4 28. b3 cxb3 29. axb3 Nc5 30. Ra1 Nxb3 31. Rxa6 Nc5
32. Ra7+ Kf8 33. Ke3 h6 34. c4 Ne6 35. h4 g5 36. h5 {Black resigns} 1-0

[Event "ICC Open 2015"]
[Site "Internet Chess Club"]
[Date "2015.05.29"]
[Round "8"]
[White "KM-SKOCB"]
[Black "Psycho-Cowboy"]
[Result "1-0"]
[ICCResult "Black resigns"]
[WhiteElo "2728"]
[BlackElo "2430"]
[Opening "Sicilian: dragon, Yugoslav attack"]
[ECO "B75"]
[NIC "SI.17"]
[Time "20:51:22"]
[TimeControl "180+0"]

1. e4 c5 2. Nf3 d6 3. d4 cxd4 4. Nxd4 Nf6 5. Nc3 g6 6. Be3 Bg7 7. f3 Nc6 8.
Qd2 Bd7 9. O-O-O Rc8 10. Kb1 Ne5 11. Nb3 O-O 12. Bh6 Bxh6 13. Qxh6 Rxc3 14.
bxc3 a5 15. Qe3 a4 16. Nd4 Qa5 17. Ka1 Rc8 18. Rb1 Rxc3 19. Qd2 Qc5 20. Be2
Nd3 21. Nb5 Bxb5 22. Rxb5 Qd4 23. Kb1 Rc5 24. Qxd3 Qf2 25. Rxc5 Qxc5 26. a3
Nd7 27. Ka2 Ne5 28. Qd2 e6 29. Rb1 Kg7 30. Rxb7 d5 31. Rb4 Qf2 32. exd5 exd5
33. Rd4 Qxg2 34. Bb5 Nxf3 35. Qxg2 {Black resigns} 1-0

[Event "ICC Open 2015"]
[Site "Internet Chess Club"]
[Date "2015.05.29"]
[Round "8"]
[White "Werewolf"]
[Black "Snooze"]
[Result "1-0"]
[ICCResult "Black checkmated"]
[WhiteElo "2240"]
[BlackElo "1910"]
[Opening "Sicilian: Anderssen variation"]
[ECO "B41"]
[NIC "SI.41"]
[Time "20:51:56"]
[TimeControl "180+0"]

1. e4 c5 2. Nf3 e6 3. d4 cxd4 4. Nxd4 Nf6 5. c4 Nc6 6. Nc3 Bb4 7. Nxc6 bxc6
8. Bd3 d5 9. cxd5 cxd5 10. Qa4+ Bd7 11. Qxb4 dxe4 12. Nxe4 Nxe4 13. Bxe4 Rb8
14. Qa3 Qh4 15. Bd3 Bc6 16. Be3 Bxg2 17. Rg1 Bc6 18. Bg5 Qb4+ 19. Qxb4 Rxb4
20. b3 f6 21. Bd2 Rd4 22. Bc4 Kf7 23. O-O-O Rc8 24. Be3 Rh4 25. Kb2 a5 26.
Rd6 Bd5 27. Rd7+ Ke8 28. Rgxg7 Bxc4 29. bxc4 Rhxc4 30. Rb7 Rc2+ 31. Kb1 Kf8
32. Rxh7 Kg8 33. Rbg7+ Kf8 34. Bh6 Rc1+ 35. Bxc1 Rxc1+ 36. Kxc1 a4 37. Ra7
a3 38. Rh8# {Black checkmated} 1-0

[Event "ICC Open 2015"]
[Site "Internet Chess Club"]
[Date "2015.05.29"]
[Round "8"]
[White "BlackHorse96"]
[Black "Darnoc"]
[Result "1/2-1/2"]
[ICCResult "Game drawn by repetition"]
[WhiteElo "3310"]
[BlackElo "3027"]
[Opening "Queen's pawn: Chigorin variation"]
[ECO "D00"]
[NIC "QP.08"]
[Time "20:52:19"]
[TimeControl "180+0"]

1. d4 d5 2. Nc3 Nf6 3. Bf4 e6 4. e3 Bd6 5. Nf3 Bxf4 6. exf4 O-O 7. Bd3 c5 8.
O-O cxd4 9. Nxd4 Qb6 10. b3 Nc6 11. Nf3 Bd7 12. Qd2 Rac8 13. a3 Rfd8 14.
Rfe1 g6 15. Ne5 Qa5 16. b4 Qc7 17. Nd1 Be8 18. f3 Nxe5 19. fxe5 Nd7 20. Qg5
Qb6+ 21. Nf2 Rc3 22. Kf1 Rdc8 23. Ng4 Qd8 24. Nf6+ Nxf6 25. exf6 Ba4 26.
Rac1 Bxc2 27. Bxc2 Rxc2 28. Rxc2 Rxc2 29. Rxe6 Qc8 30. Qh6 Qc4+ 31. Ke1 Qc3+
32. Kf1 Qd3+ 33. Ke1 Qc3+ 34. Kf1 Qd3+ 35. Ke1 Qc3+ 36. Kf1
{Game drawn by repetition}
1/2-1/2

[Event "ICC Open 2015"]
[Site "Internet Chess Club"]
[Date "2015.05.29"]
[Round "8"]
[White "slothchess"]
[Black "darthvader"]
[Result "0-1"]
[ICCResult "White checkmated"]
[WhiteElo "1479"]
[BlackElo "1877"]
[Opening "Pirc defense"]
[ECO "B07"]
[NIC "PU.08"]
[Time "20:51:27"]
[TimeControl "180+0"]

1. e4 d6 2. d4 Nf6 3. f3 c6 4. Be3 Nbd7 5. Bd3 e5 6. c3 Be7 7. Ne2 O-O 8.
O-O Qc7 9. Kh1 Re8 10. Nd2 Nf8 11. Bf2 Ng6 12. a4 Nh5 13. g3 Be6 14. Ng1 Qd7
15. f4 exf4 16. Qxh5 fxg3 17. Bxg3 Rf8 18. Qe2 f5 19. exf5 Bxf5 20. Bxf5
Rxf5 21. Rxf5 Qxf5 22. Rf1 Qd7 23. Qf3 Rf8 24. Qe2 Bf6 25. Ne4 Be7 26. Rxf8+
Bxf8 27. Nf2 c5 28. Qc4+ Kh8 29. Nf3 h6 30. Kg2 b6 31. b3 d5 32. Qd3 c4 33.
Qxg6 cxb3 34. Qb1 Qxa4 35. Nh4 Qa2 36. Bf4 Qxb1 37. Kf3 g5 38. Ng6+ Kg7 39.
Be5+ Kxg6 40. Ng4 Qf1+ 41. Nf2 g4+ 42. Kxg4 Qxf2 43. h4 Qf5+ 44. Kg3 Qxe5+
45. dxe5 b2 46. Kf4 b1=Q 47. Kg4 Qf5+ 48. Kg3 Qxe5+ 49. Kh3 Qxc3+ 50. Kh2
Kh5 51. Kg1 Kxh4 52. Kf1 Qd2 53. Kg1 Bc5+ 54. Kh1 Bd6 55. Kg1 a5 56. Kh1 a4
57. Kg1 a3 58. Kh1 a2 59. Kg1 b5 60. Kh1 b4 61. Kg1 b3 62. Kh1 b2 63. Kg1
b1=Q# {White checkmated} 0-1

[Event "ICC Open 2015"]
[Site "Internet Chess Club"]
[Date "2015.05.29"]
[Round "8"]
[White "OuttaShape"]
[Black "druskacik"]
[Result "0-1"]
[ICCResult "White resigns"]
[WhiteElo "2123"]
[BlackElo "2438"]
[Opening "Sicilian: Nimzovich-Rossolimo attack (with ...g6, without ...d6)"]
[ECO "B31"]
[NIC "SI.31"]
[Time "20:52:01"]
[TimeControl "180+0"]

1. e4 c5 2. Nf3 Nc6 3. Bb5 g6 4. O-O Bg7 5. c3 Nf6 6. Re1 O-O 7. d4 cxd4 8.
cxd4 d5 9. e5 Ne4 10. Nbd2 Qb6 11. Bxc6 bxc6 12. Nxe4 dxe4 13. Rxe4 Rd8 14.
Qb3 Be6 15. Qxb6 axb6 16. a3 Ra4 17. Bg5 Bd5 18. Rf4 Bxf3 19. gxf3 Rdxd4 20.
Rxd4 Rxd4 21. Bxe7 Bxe5 22. Re1 Rd5 23. b4 f6 24. f4 Bb2 25. Re2 Bxa3 26.
Bxf6 Bxb4 27. Kg2 Kf7 28. Be5 Bd6 29. Kf3 Bxe5 30. fxe5 Ke6 31. Kf4 g5+ 32.
Kxg5 Rxe5+ 33. Rxe5+ Kxe5 34. f4+ Ke6 35. Kh6 Kf7 {White resigns} 0-1

[Event "ICC Open 2015"]
[Site "Internet Chess Club"]
[Date "2015.05.29"]
[Round "8"]
[White "chessrex"]
[Black "Doondoon"]
[Result "1-0"]
[ICCResult "Black resigns"]
[WhiteElo "2159"]
[BlackElo "1732"]
[Opening "Paleface attack"]
[ECO "A45"]
[NIC "QP.07"]
[Time "20:52:47"]
[TimeControl "180+0"]

1. d4 Nf6 2. f3 e6 3. e4 d5 4. Be3 dxe4 5. Nd2 exf3 6. Ngxf3 Nd5 7. Qe2 Nxe3
8. Qxe3 Nd7 9. Bd3 Nf6 10. O-O b6 11. Ne5 Bb7 12. Ndf3 Bd6 13. Qg5 O-O 14.
Qh4 Bxf3 15. Rxf3 h6 16. Raf1 Bxe5 17. dxe5 Nd5 18. Qe4 g6 19. Rh3 Kg7 20.
Rxf7+ Kxf7 21. Qxg6+ Ke7 22. Rxh6 Qe8 23. Qxe6+ Kd8 24. Qxd5+ Ke7 25. Rh7+
{Black resigns}
1-0

[Event "ICC Open 2015"]
[Site "Internet Chess Club"]
[Date "2015.05.29"]
[Round "8"]
[White "VerdeNotte"]
[Black "kurumania"]
[Result "0-1"]
[ICCResult "White resigns"]
[WhiteElo "2916"]
[BlackElo "2784"]
[Opening "Sicilian defense"]
[ECO "B40"]
[NIC "SI.43"]
[Time "20:51:28"]
[TimeControl "180+0"]

1. e4 c5 2. Nf3 e6 3. g3 Nc6 4. Bg2 Nf6 5. Qe2 e5 6. O-O Be7 7. d3 O-O 8.
Nc3 Re8 9. Bg5 h6 10. Bxf6 Bxf6 11. Nd5 d6 12. c3 Be6 13. Nd2 Bg5 14. Ne3 b5
15. f4 exf4 16. gxf4 Bh4 17. Qh5 Rc8 18. Nf3 Bf6 19. f5 Bd7 20. Ng4 Ne5 21.
Nfxe5 dxe5 22. Rf3 Rc6 23. Kh1 Bg5 24. Rg1 Rf8 25. Bf1 Qe7 26. Rfg3 Kh8 27.
f6 Rxf6 28. Nxf6 Bxf6 29. Bh3 c4 30. dxc4 bxc4 31. Bxd7 Qxd7 32. Rh3 Kh7 33.
Rd1 Qb7 34. Qf5+ Kg8 35. Rxh6 gxh6 36. Rg1+ Bg7 37. Rg2 Kh8 38. h4 Rd8 39.
Kh2 Qe7 40. Qg4 Qf6 41. h5 Qf4+ 42. Qxf4 exf4 43. Rf2 Be5 44. Kh3 Rd3+ 45.
Kg4 Kg7 46. Kf5 f6 47. Rg2+ Kf7 48. b3 Rg3 49. Rxg3 fxg3 {White resigns} 0-1